 Dungeon Crawl Stone Soup version 0.29.1-15-g9cfb28693d (webtiles) character file.

Game seed: 8642647770816369319

175809 safid the Cryomancer (level 17, -3/133 HPs)
             Began as a Merfolk Ice Elementalist on Mar 27, 2023.
             Was a High Priest of Vehumet.
             Slain by a ghost moth (14 damage)
             ... on level 1 of the Spider Nest.
             The game lasted 02:13:55 (43944 turns).

safid the Cryomancer (Merfolk Ice Elementalist)    Turns: 43944, Time: 02:13:56

Health: -3/133     AC: 11    Str: 15 (18) XL:     17   Next: 81%
Magic:  0/33       EV: 14    Int: 23 (27) God:    Vehumet [*****.]
Gold:   648        SH: 15    Dex: 15 (20) Spells: 6/40 levels left

rFire   . . .      SeeInvis .   y - +7 dagger "Tyg Wyja" {flame, rElec rC- rCorr Str+4 Int+3}
rCold   x . .      Faith    .   d - +2 kite shield {reflect}
rNeg    . . .      Spirit   .   b - +2 robe {Archmagi}
rPois   +          Reflect  +   r - +1 helmet of Hunoph {rElec Dex+5}
rElec   +          Harm     .   I - +2 cloak {Will+}
rCorr   +          Rampage  .   D - +1 pair of gloves
Will    ++...      Archmagi +   (no boots)
Stlth   ++........              w - amulet of regeneration
HPRegen 1.12/turn               O - ring of wizardry
MPRegen 0.23/turn               u - ring of Undoing {rPois rCorr Str+6 Int+4}

@: mighty
A: (nimble swimmer 2), mertail, weak 1
}: 1/15 runes: decaying
a: Renounce Religion


You were on level 1 of the Spider Nest.
You worshipped Vehumet.
Vehumet was extremely pleased with you.
You visited 6 branches of the dungeon, and saw 28 of its levels.
You visited the Abyss 1 time.
You also visited: Ice Cave.

You collected 3627 gold pieces.
You spent 2979 gold pieces at shops.

Inventory:

Hand Weapons
 y - the +7 dagger "Tyg Wyja" (weapon) {flame, rElec rC- rCorr Str+4 Int+3}
   (You took it off a kobold on level 4 of the Dungeon)

   It burns those it strikes, dealing additional fire damage.
   Str:       It affects your strength (+4).
   Int:       It affects your intelligence (+3).
   rC:        It makes you vulnerable to cold.
   rElec:     It insulates you from electricity.
   rCorr:     It protects you from acid and corrosion.
Missiles
 s - 11 curare-tipped darts
 J - 10 throwing nets
Armour
 b - a +2 robe of the Archmagi (worn)
 d - a +2 kite shield of reflection (worn)
 l - a +2 robe of positive energy
 r - the +1 helmet of Hunoph (worn) {rElec Dex+5}
   (You bought it in a shop on level 1 of the Orcish Mines)

   Dex:       It affects your dexterity (+5).
   rElec:     It insulates you from electricity.
 A - a +2 robe of willpower
 D - a +1 pair of gloves (worn)
 I - a +2 cloak of willpower (worn)
 S - a +2 robe of resistance
Jewellery
 p - a ring of fire
 q - a ring of flight
 u - the ring of Undoing (right hand) {rPois rCorr Str+6 Int+4}
   (You acquired it on level 2 of the Lair of Beasts)

   [ring of strength]

   Str:       It affects your strength (+6).
   Int:       It affects your intelligence (+4).
   rPois:     It protects you from poison.
   rCorr:     It protects you from acid and corrosion.
 w - an amulet of regeneration (around neck)
 z - a ring of resist corrosion
 O - a ring of wizardry (left hand)
Wands
 c - a wand of mindburst (18)
 x - a wand of light (35)
 E - a wand of flame (67)
 K - a wand of roots (10)
 L - a wand of digging (13)
 M - a wand of polymorph (24)
 T - a wand of paralysis (2)
Scrolls
 e - 4 scrolls of teleportation
 n - 2 scrolls of silence
 o - 7 scrolls of amnesia
 v - 9 scrolls of butterflies
 B - 2 scrolls of fear
 C - a scroll of magic mapping
 N - 2 scrolls of blinking
 P - 2 scrolls of summoning
Potions
 f - 2 potions of might
 g - a potion of resistance
 i - a potion of magic
 j - 4 potions of berserk rage
 k - 4 potions of lignification
 m - 9 potions of curing
 t - 3 potions of brilliance
 F - 9 potions of haste
 G - 3 potions of cancellation
 H - 4 potions of mutation
Miscellaneous
 a - a phantom mirror
 Q - a condenser vane


   Skills:
 - Level 12.0 Fighting
 - Level 7.2 Dodging
 - Level 2.1 Stealth
 - Level 14.0 Shields
 - Level 12.0 Spellcasting
 + Level 5.9 Conjurations
 + Level 11.1 Transmutations
 - Level 22.0 Ice Magic


You had 6 spell levels left.
You knew the following spells:

 Your Spells              Type           Power      Damage    Failure   Level
a - Irradiate             Conj/Tmut      34%        3d23      1%          5
b - Frozen Ramparts       Ice            100%       1d16      0%          3
c - Ozocubu's Armour      Ice            100%       N/A       0%          3
d - Hailstorm             Conj/Ice       87%        3d17      1%          4
e - Ozocubu's Refrigerat  Ice            53%        4d19      1%          7
f - Freezing Cloud        Conj/Ice/Air   35%        6-21      1%          5
g - Dragon Form           Tmut           39%        N/A       28%         7

Your spell library contained the following spells:

 Spells                   Type           Power      Damage    Failure   Level
 Conjure Ball Lightning   Conj/Air       20%        3x3d6     34%         6
 Freeze                   Ice            100%       1d11      0%          1
 Magic Dart               Conj           100%       1d8       1%          1
 Shock                    Conj/Air       100%       1d9       1%          1
 Ensorcelled Hibernation  Hex/Ice        100%       N/A       1%          2
 Poisonous Vapours        Pois/Air       40%        N/A       1%          2
 Static Discharge         Conj/Air       41%        3-9/arc   1%          2
 Dazzling Flash           Conj/Hex       82%        N/A       1%          3
 Spider Form              Tmut/Pois      56%        N/A       1%          3
 Stone Arrow              Conj/Erth      82%        3d12      1%          3
 Blade Hands              Tmut           39%        N/A       1%          5
 Iskenderun's Battlesphe  Conj           57%        2d11      2%          5
 Apportation              Tloc           40%        N/A       3%          1
 Necrotise                Necr           80%        1d8       3%          1
 Summon Small Mammal      Summ           80%        N/A       3%          1
 Flame Wave               Conj/Fire      41%        2d11      3%          4
 Iskenderun's Mystic Bla  Conj/Tloc      41%        2d9       3%          4
 Lightning Bolt           Conj/Air       20%        1d35      8%          5
 Airstrike                Air            10%        2d(2-18)  10%         4
 Gell's Gravitas          Tloc           20%        N/A       11%         3
 Swiftness                Air            20%        N/A       11%         3
 Teleport Other           Tloc           20%        N/A       11%         3
 Anguish                  Hex/Necr       10%        N/A       32%         4
 Animate Armour           Summ/Erth      40%        N/A       32%         4
 Cause Fear               Hex            10%        N/A       32%         4
 Corpse Rot               Necr/Pois/Air  20%        N/A       32%         4
 Iron Shot                Conj/Erth      20%        9d5       34%         6
 Starburst                Conj/Fire      20%        6d7       34%         6
 Dispersal                Tloc           10%        N/A       99%         6
 Spellforged Servitor     Conj/Summ      20%        N/A       85%         7
 Malign Gateway           Summ/Tloc      10%        N/A       100%        7
 Lehudib's Crystal Spear  Conj/Erth      20%        10d6      100%        8
 Maxwell's Capacitive Co  Air            10%        ∞         100%        8
 Summon Horrible Things   Summ           10%        N/A       100%        8
 Dragon's Call            Summ           10%        N/A       100%        9


Dungeon Overview and Level Annotations

Branches:
Dungeon (15/15)            Temple (1/1) D:6            Lair (5/5) D:8
  Swamp (4/4) Lair:2       Spider (1/4) Lair:3        Slime (0/5) Lair:4
    Orc (2/2) D:9             Elf (0/3) Orc:2        Vaults (0/5) D:14
 Depths (0/4) D:15          IceCv (visited)

Altars:
Ashenzari
Cheibriados
Dithmenos
Elyvilon
Fedhas
Gozag
Hepliaklqana
Kikubaaqudgha
Makhleb
Nemelex Xobeh
Okawaru
Qazlal
Ru
Sif Muna
Trog
Uskayaw
Vehumet
Wu Jian
Xom
Yredelemnul
Zin
The Shining One
Lugonu

Shops:
D:5 :   D:7 *!=[?   D:13 [   D:14 [   Orc:1 :[:?:   Orc:2 **=!

Portals:
Abyss: Orc:2

Annotations:
D:3 2 transporters, 1 runed translucent door, Crazy Yiuf; javelincjr's ghost, amateur DsAK
D:4 Grinder
D:12 exclusion: obsidian statue
D:13 Rupert
Swamp:4 Roxanne


Innate Abilities, Weirdness & Mutations

((You are very nimble when in or above water. (Stealth+, EV+, Speed+++)))
Your lower body shifts to a powerful aquatic tail in water.
You are weak. (Str -2)


Message History

You feel you are being watched by something.
Something hits you but does no damage. x2; Something stings you.
You miss something. Something hits you!! Something barely misses you.
Something stings you!
* * * LOW HITPOINT WARNING * * *
You barely miss something.
You feel you are being watched by something.
You feel your power leaking away.
Something hits you but does no damage. x2; Something barely misses you.
You block something's attack. Something hits you.
* * * LOW HITPOINT WARNING * * *
You feel clumsy. Something stings you.
* * * LOW HITPOINT WARNING * * *
You feel dopey.
Unknown command.
You feel much better.
You feel you are being watched by something.
Something hits you. Something hits you but does no damage.
You block something's attack.
You feel very mighty all of a sudden.
You feel you are being watched by something.
Something hits you! Something hits you.
Something stings you but does no damage.
You hit something. You burn something. Something hits you!
You feel clumsy. You block something's attack. Something stings you!
* * * LOW HITPOINT WARNING * * *
Unknown command.
You miss something.
You feel you are being watched by something.
You feel your power leaking away. Something hits you!
* * * LOW HITPOINT WARNING * * *
Something hits you!
* * * LOW HITPOINT WARNING * * *
Something stings you but does no damage.
You feel you are being watched by something.
Something hits you!
You die...

..##....### .....#.#..#....###
...##.....# ###.†..#.#........##
#.####...)#.
#......#.#.........#
>....#....#.. #...#.#.......###
.....#....#..####..##...####..^#
##.#.##...###.....##...##..###.#
#..#..###...#....##.†....###.###
#####.#.##..##..{#.###......##
....#.##.....#..@#...#####.##
....##†###..^###...[.# ###
.....#...###.#.##...##
...##......#..##..# . #
####..####...#...#.##..^.
.......#.#^............#
###.#..#.^...........#.#
....#..######........#
...†#.......###..##...#


There were no monsters in sight!

Vanquished Creatures
  Bai Suzhen (Swamp:4)
  Jorgrun (D:13)
  2 tentacled monstrosities
  Kirke (D:14)
  3 thorn hunters
  A fenstrider witch (Swamp:1)
  An emperor scorpion (Spider:1)
  A ghost moth (Spider:1)
  Nessos (D:14)
  3 bunyips
  2 eleionomae
  2 shambling mangroves (Swamp:4)
  Josephine (D:11)
  Harold (D:9)
  An ogre mage (D:15)
  A death knight (D:15)
  21 hydras
  A ghost crab (Swamp:4)
  5 boulder beetles
  A catoblepas (Lair:3)
  12 alligators
  A centaur warrior (D:13)
  4 tengu warriors
  7 two-headed ogres
  An alligator (shapeshifter) (D:14)
  2 radroaches (Spider:1)
  8 death yaks
  Nergalle (D:11)
  Urug (D:10)
  6 orc high priests
  Sonja (Lair:3)
  A shadow wraith (D:14)
  A pharaoh ant (Spider:1)
  A skeletal warrior (D:15)
  7 swamp dragons
  3 spriggan druids
  2 death drakes
  4 goliath frogs
  10 bog bodies
  Lodul (D:11)
  A wizard (Swamp:4)
  A steelbarb worm (Spider:1)
  7 orc knights
  Pikel (D:7)
  A necromancer (D:15)
  7 wolf spiders
  2 deep elf pyromancers
  A salamander (shapeshifter) (D:14)
  6 ugly things
  2 orc sorcerers (D:15)
  3 cyclopes
  2 will-o-the-wisps
  A moth of wrath (Spider:1)
  16 elephants
  A manticore (D:12)
  2 naga magi (D:15)
  7 black mambas
  3 centaur skeletons (D:15)
  6 rime drakes
  21 cane toads
  2 gargoyles
  Psyche (D:11)
  An unseen horror (D:12)
  5 tengu conjurers
  8 komodo dragons
  A demonic crawler (Spider:1)
  2 ice devils (Lair:4)
  3 bloated husks
  A polar bear (Lair:5)
  A queen bee (shapeshifter) (D:15)
  9 trolls
  21 blink frogs
  13 tyrant leeches
  4 tarantellas (Spider:1)
  9 hornets
  13 slime creatures
  2 jumping spiders (Spider:1)
  2 shadows
  A centaur simulacrum (D:15)
  7 spriggans
  A water elemental (D:14)
  6 wyverns
  46 yaks
  8 culicivoras
  10 wraiths
  5 hogs (D:14)
  5 redbacks (Spider:1)
  5 basilisks
  A steam dragon (D:10)
  26 vampire mosquitoes
  4 wargs
  An acid dragon (D:12)
  10 swamp worms
  18 water moccasins
  37 orc warriors
  4 ice beasts
  10 swamp drakes
  3 black bears
  5 boggarts (D:15)
  9 ogres
  7 wolves
  10 centaurs
  A lemure (D:7)
  15 bullfrogs
  3 scorpions
  A necrophage (D:8)
  9 wights (D:7)
  3 killer bees (D:8)
  2 howler monkeys (D:7)
  7 electric eels
  A crimson imp (D:12)
  3 jellies
  2 hounds (D:5)
  A gnoll bouda (D:10)
  36 orc priests
  12 orc wizards
  6 hell rats (Lair:2)
  A boggart simulacrum (D:15)
  8 gnolls
  3 adders
  2 shadow imps (D:7)
  3 white imps
  A worm (D:2)
  4 dart slugs
  78 orcs
  4 endoplasms
  4 giant cockroaches
  9 goblins
  6 hobgoblins
  3 jackals (D:1)
  7 kobolds
  5 quokkas
  7 ball pythons
  9 bats
  3 frilled lizards
  10 rats
  6 briar patches (Swamp:4)
  2 bushes
  A lurking horror (Orc:2)
831 creatures vanquished.

Vanquished Creatures (others)
  An alligator (Swamp:1)
  A water elemental (D:14)
  4 bushes (Lair:5)
  4 foxfires (Swamp:4)
  68 fungi
  206 plants
284 creatures vanquished.

Grand Total: 1115 creatures vanquished

Notes
Turn   | Place    | Note
-------+----------+-------------------------------------------
     0 | D:1      | safid the Merfolk Ice Elementalist began the quest for the
                  | Orb.
     0 | D:1      | Reached XP level 1. HP: 13/13 MP: 3/3
   312 | D:1      | Reached XP level 2. HP: 20/20 MP: 3/5
   452 | D:1      | Reached skill level 1 in Fighting
  1234 | D:1      | Reached XP level 3. HP: 23/26 MP: 6/6
  1238 | D:1      | Learned a level 3 spell: Frozen Ramparts
  2733 | D:3      | Reached skill level 5 in Ice Magic
  2848 | D:3      | Reached XP level 4. HP: 23/33 MP: 6/8
  3200 | D:3      | Identified the +5 dire flail "Ynuipha" {vorpal, Stlth+}
  3200 | D:3      | Noticed an ogre
  3200 | D:3      | Noticed javelincjr's ghost (amateur DsAK)
  3201 | D:3      | Found a transporter.
  3201 | D:3      | Noticed an ogre
  3201 | D:3      | Noticed an ogre
  3228 | D:3      | Found a runed translucent door.
  3229 | D:3      | Noticed Crazy Yiuf
  3288 | D:3      | Learned a level 3 spell: Ozocubu's Armour
  3424 | D:3      | Found a transporter.
  4113 | D:4      | Noticed a scorpion
  4119 | D:4      | Killed a scorpion
  4120 | D:4      | Reached XP level 5. HP: 36/41 MP: 0/9
  4331 | D:4      | Noticed an ogre
  4342 | D:4      | Killed an ogre
  4343 | D:4      | Reached XP level 6. HP: 28/47 MP: 0/11
  4345 | D:4      | Noticed Grinder
  4445 | D:4      | Identified the +7 dagger "Tyg Wyja" {flame, rElec rC- rCorr
                  | Str+4 Int+3}
  4469 | D:4      | Learned a level 4 spell: Hailstorm
  4642 | D:5      | Entered Level 5 of the Dungeon
  4664 | D:5      | Found Kaokk's Book Shop.
  4810 | D:5      | Found an iron altar of Okawaru.
  4854 | D:5      | Reached skill level 6 in Ice Magic
  4893 | D:5      | Noticed an ice beast
  4974 | D:5      | Killed an ice beast
  4975 | D:5      | Reached XP level 7. HP: 54/54 MP: 8/13
  5529 | D:6      | Found a staircase to the Ecumenical Temple.
  5568 | Temple   | Entered the Ecumenical Temple
  5583 | Temple   | Became a worshipper of Vehumet
  5813 | D:6      | Reached skill level 5 in Fighting
  5943 | D:6      | Reached skill level 7 in Ice Magic
  5943 | D:6      | Reached XP level 8. HP: 58/62 MP: 8/15
  6000 | D:6      | Found a hazy altar of Hepliaklqana.
  6285 | D:6      | Found a shadowy altar of Dithmenos.
  6307 | D:6      | Found an opulent altar of Gozag.
  6307 | D:6      | Found a glowing silver altar of Zin.
  6360 | D:6      | Reached skill level 5 in Spellcasting
  6537 | D:7      | Found Okkoiker's General Store.
  6635 | D:7      | Bought a +1 cloak of willpower for 231 gold pieces
  6635 | D:7      | Bought a scroll of identify for 28 gold pieces
  6716 | D:7      | Found a shimmering blue altar of Sif Muna.
  6789 | D:7      | Found Esesmekh's Jewellery Shop.
  6838 | D:7      | Found Sercha's Distillery.
  6963 | D:7      | Noticed a troll
  6982 | D:7      | Killed a troll
  6983 | D:7      | Reached skill level 8 in Ice Magic
  7032 | D:7      | Found Gyifisy's Armour Shop.
  7126 | D:7      | Reached XP level 9. HP: 60/71 MP: 14/18
  7314 | D:7      | Found Qaguesm's Magic Scroll Boutique.
  7598 | D:7      | Noticed Pikel
  7615 | D:7      | Killed Pikel
  7616 | D:7      | Reached skill level 9 in Ice Magic
  7750 | D:8      | Noticed a hornet
  7755 | D:8      | Killed a hornet
  7756 | D:8      | Reached * piety under Vehumet
  7756 | D:8      | Offered knowledge of Shock by Vehumet.
  7907 | D:7      | Bought a scroll of identify for 30 gold pieces
  7907 | D:7      | Bought a scroll of identify for 30 gold pieces
  7909 | D:7      | Identified a scroll of acquirement
  7911 | D:7      | Acquired 980 gold pieces
  7913 | D:7      | Bought a scroll of identify for 30 gold pieces
  7913 | D:7      | Bought a scroll of amnesia for 60 gold pieces
  7913 | D:7      | Bought a scroll of identify for 30 gold pieces
  7983 | D:7      | Bought a potion of heal wounds for 60 gold pieces
  7983 | D:7      | Bought a potion of flight for 36 gold pieces
  7983 | D:7      | Bought a potion of invisibility for 96 gold pieces
  7983 | D:7      | Bought a potion of heal wounds for 60 gold pieces
  8113 | D:8      | Reached XP level 10. HP: 80/82 MP: 12/21
  8208 | D:8      | Found a staircase to the Lair.
  8720 | D:9      | Reached skill level 10 in Ice Magic
  8891 | D:9      | Found a staircase to the Orcish Mines.
  8935 | D:9      | Offered knowledge of Magic Dart by Vehumet.
  8950 | D:9      | Reached ** piety under Vehumet
  9011 | D:9      | Noticed Harold
  9036 | D:9      | Killed Harold
  9452 | D:10     | Entered Level 10 of the Dungeon
  9492 | D:10     | Noticed a two-headed ogre
  9505 | D:10     | Killed a two-headed ogre
  9506 | D:10     | Reached skill level 11 in Ice Magic
  9571 | D:10     | Noticed a gargoyle
  9597 | D:10     | Reached skill level 10 in Fighting
  9623 | D:10     | Noticed Urug
  9717 | D:10     | Found a white marble altar of Elyvilon.
  9786 | D:10     | Noticed a two-headed ogre
  9799 | D:10     | Killed a two-headed ogre
  9800 | D:10     | Reached XP level 11. HP: 46/92 MP: 12/24
 10044 | D:10     | Noticed a two-headed ogre
 10056 | D:10     | Killed a two-headed ogre
 10275 | Lair:1   | Entered Level 1 of the Lair of Beasts
 10275 | Lair:1   | Noticed a seven-headed hydra
 10288 | Lair:1   | Killed a seven-headed hydra
 10693 | Lair:1   | Reached skill level 12 in Ice Magic
 10988 | Lair:1   | Noticed an eight-headed hydra
 11000 | Lair:1   | Killed an eight-headed hydra
 11483 | Lair:2   | Noticed a bog body
 11491 | Lair:2   | Killed a bog body
 11492 | Lair:2   | Reached skill level 10 in Spellcasting
 11498 | Lair:2   | Noticed a bog body
 11552 | Lair:2   | Found a staircase to the Swamp.
 11562 | Lair:2   | Killed a bog body
 11562 | Lair:2   | Offered knowledge of Inner Flame by Vehumet.
 11759 | Lair:2   | Reached XP level 12. HP: 101/102 MP: 14/26
 11959 | Lair:2   | Reached skill level 13 in Ice Magic
 12157 | Orc:1    | Entered Level 1 of the Orcish Mines
 12157 | Orc:1    | Noticed an orc high priest
 12157 | Orc:1    | Found Dekhutam's Antique Armour Shoppe.
 12166 | Orc:1    | Reached *** piety under Vehumet
 12175 | Orc:1    | Killed an orc high priest
 12374 | Orc:1    | Bought a dazzling helmet for 266 gold pieces
 12374 | Orc:1    | Identified the +1 helmet of Hunoph {rElec Dex+5} (You
                  | bought it in a shop on level 1 of the Orcish Mines)
 12374 | Orc:1    | Bought a pair of embroidered gloves for 210 gold pieces
 12414 | Orc:1    | Found Sozoko's Book Emporium.
 12421 | Orc:1    | Bought Ozocubu's Autobiography for 360 gold pieces
 12429 | Orc:1    | Learned a level 7 spell: Ozocubu's Refrigeration
 12563 | Orc:2    | Entered Level 2 of the Orcish Mines
 12623 | Orc:2    | Found a staircase to the Elven Halls.
 12717 | Orc:2    | Offered knowledge of Conjure Flame by Vehumet.
 13276 | Orc:2    | Reached **** piety under Vehumet
 13285 | Orc:2    | Noticed an orc high priest
 13287 | Orc:2    | Noticed a sun demon
 13293 | Orc:2    | Killed an orc high priest
 13634 | Orc:2    | Offered knowledge of Fireball by Vehumet.
 13864 | Orc:2    | Reached skill level 14 in Ice Magic
 14218 | Orc:2    | Noticed an orc high priest
 14492 | Orc:2    | Found a one-way gate to the infinite horrors of the Abyss.
 14573 | Orc:2    | Found a corrupted altar of Lugonu.
 14633 | Orc:2    | Killed an orc high priest
 14765 | Orc:2    | Noticed an orc high priest
 14768 | Orc:2    | Killed an orc high priest
 14780 | Orc:2    | Noticed an orc high priest
 15061 | Orc:2    | Killed an orc high priest
 15309 | Orc:2    | Noticed an orc high priest
 15312 | Orc:2    | Noticed a sun demon
 15319 | Orc:2    | Killed an orc high priest
 15320 | Orc:2    | Reached skill level 15 in Ice Magic
 15320 | Orc:2    | Reached XP level 13. HP: 79/108 MP: 3/29
 15743 | Orc:2    | Found Fehan's General Store.
 15746 | Orc:2    | Found Suullik's Jewellery Shoppe.
 15747 | Orc:2    | Found Esannor's Distillery.
 15748 | Orc:2    | Found Jupnaer's Assorted Antiques.
 15751 | Orc:2    | Bought 2 potions of curing for 78 gold pieces
 15755 | Orc:2    | Bought a potion of curing for 42 gold pieces
 15755 | Orc:2    | Bought a potion of curing for 42 gold pieces
 15755 | Orc:2    | Bought a scroll of teleportation for 42 gold pieces
 15758 | Orc:2    | Bought a ring of poison resistance for 260 gold pieces
 15761 | Orc:2    | Bought a potion of haste for 130 gold pieces
 16263 | Orc:1    | Found Atemawahu's Magic Scroll Shop.
 16588 | Orc:1    | Found Emmugir's Book Emporium.
 16609 | Orc:1    | Found Hipaur's Book Shoppe.
 17029 | D:10     | Killed Urug
 17029 | D:10     | Reached ***** piety under Vehumet
 17029 | D:10     | Offered knowledge of Yara's Violent Unravelling by Vehumet.
 17233 | Lair:2   | Reached skill level 16 in Ice Magic
 17598 | Lair:2   | Acquired the ring of Undoing {rPois rCorr Str+6 Int+4}
 18454 | Lair:2   | Reached skill level 17 in Ice Magic
 18707 | Lair:3   | Noticed Sonja
 18712 | Abyss:1  | Cast into level 1 of the Abyss (Sonja)
 18732 | Lair:3   | Escaped the Abyss
 18733 | Lair:3   | Killed Sonja
 19536 | Lair:3   | Found a hole to the Spider Nest.
 19656 | Lair:3   | Reached skill level 18 in Ice Magic
 20509 | Lair:3   | Reached XP level 14. HP: 115/115 MP: 9/30
 20984 | Lair:4   | Found a frozen archway.
 20997 | Lair:4   | Found a staircase to the Slime Pits.
 21035 | IceCv    | Entered an ice cave
 21591 | Lair:4   | Reached skill level 19 in Ice Magic
 21864 | Lair:4   | Offered knowledge of Freezing Cloud by Vehumet.
 22994 | Lair:5   | Entered Level 5 of the Lair of Beasts
 23140 | Lair:5   | Reached skill level 20 in Ice Magic
 24632 | Lair:5   | Reached skill level 21 in Ice Magic
 24901 | Lair:5   | Learned a level 5 spell: Freezing Cloud
 25747 | Lair:5   | Got the Guidebook on Conflict
 25755 | Lair:5   | Reached XP level 15. HP: 120/120 MP: 13/31
 26940 | D:11     | Noticed Lodul
 26948 | D:11     | Killed Lodul
 26949 | D:11     | Reached skill level 22 in Ice Magic
 27186 | Orc:1    | Bought a book of the Dragon for 598 gold pieces
 27301 | Orc:2    | Bought 2 potions of haste for 260 gold pieces
 27309 | Orc:2    | Learned a level 7 spell: Dragon Form
 27472 | D:11     | Reached skill level 1 in Transmutations
 27522 | D:11     | Noticed Psyche
 27525 | D:11     | Killed Psyche
 28198 | D:11     | Noticed Nergalle
 28205 | D:11     | Killed Nergalle
 28206 | D:11     | Reached skill level 5 in Dodging
 28411 | D:11     | Noticed Josephine
 28415 | D:11     | Killed Josephine
 30769 | D:13     | Reached skill level 5 in Transmutations
 30848 | D:13     | Found Xesifeub's Armour Emporium.
 30999 | D:13     | Noticed Jorgrun
 31008 | D:13     | Killed Jorgrun
 31470 | D:13     | Offered knowledge of Lee's Rapid Deconstruction by Vehumet.
 31474 | D:13     | Reached skill level 1 in Shields
 31690 | D:14     | Found Ukharch's Armour Shoppe.
 31750 | D:14     | Noticed Rupert
 32027 | D:14     | Noticed Kirke
 32071 | D:14     | Reached skill level 5 in Shields
 32380 | D:14     | Killed Kirke
 32665 | D:14     | Noticed Nessos
 32671 | D:14     | Killed Nessos
 32938 | D:14     | Found a gate to the Vaults.
 33016 | D:14     | You fall into a shaft and drop 1 floor!
 33016 | D:15     | Entered Level 15 of the Dungeon
 33347 | D:14     | Reached XP level 16. HP: 127/127 MP: 5/32
 34050 | D:15     | Offered knowledge of Irradiate by Vehumet.
 34066 | D:14     | Learned a level 5 spell: Irradiate
 34441 | D:15     | Found a staircase to the Depths.
 35469 | Swamp:1  | Entered Level 1 of the Swamp
 35475 | Swamp:1  | Reached skill level 10 in Shields
 35807 | Swamp:1  | Gained mutation: You are weak. (Str -2) [mutagenic glow]
 36481 | Swamp:1  | Noticed a tentacled monstrosity
 36653 | Swamp:1  | Noticed a fenstrider witch
 36656 | Swamp:1  | Killed a fenstrider witch
 37004 | Swamp:1  | Killed a tentacled monstrosity
 38397 | Swamp:3  | Noticed a thorn hunter
 38519 | Swamp:3  | Killed a thorn hunter
 38906 | Swamp:3  | Noticed a tentacled monstrosity
 38921 | Swamp:3  | Killed a tentacled monstrosity
 39265 | Swamp:4  | Entered Level 4 of the Swamp
 39313 | Swamp:4  | Reached XP level 17. HP: 133/133 MP: 22/33
 39808 | Swamp:4  | Reached skill level 1 in Conjurations
 40284 | Swamp:4  | Identified Roxanne's Compilation of the Boulder
 40284 | Swamp:4  | Noticed Roxanne
 40520 | Swamp:4  | Noticed Bai Suzhen
 40711 | Swamp:4  | Offered knowledge of Conjure Ball Lightning by Vehumet.
 41041 | Swamp:4  | Killed Bai Suzhen
 42654 | Swamp:4  | Reached skill level 5 in Conjurations
 42654 | Swamp:4  | Reached skill level 10 in Transmutations
 42734 | Swamp:4  | Got a decaying rune of Zot
 42893 | Spider:1 | Entered Level 1 of the Spider Nest
 43944 | Spider:1 | Slain by a ghost moth

Illustrated notes

Levels and vault maps discovered:
D:1:      elethiomel_arrival_diamonds, layout_basic
D:2:      layout_basic
D:3:      layout_loops_corners, gammafunk_ghost_smash, uniq_crazy_yiuf_cottage
D:4:      layout_loops_cross, ebering_ghost_sewer_d, st_stairs_5, uniq_grinder
D:5:      layout_basic, okawaru_trees_1, serial_shops, nicolae_square_shop
D:6:      layout_loops_cross, grunt_temple_overflow_gold_and_silver,
          nicolae_hepliaklqana_hazy_memory, grunt_dithmenos_smoke_and_mirrors,
          minmay_temple_entry_gardened_gates
D:7:      layout_gridville, mainiacjoe_overflow_24_doors, serial_shops,
          nicolae_take_the_stairs, kennysheep_little_box,
          nicolae_shop_hallway_plus, nicolae_shop_advertising_works
          [nicolae_subvault_shop_adworks], nicolae_shop_statue_plus, uniq_pikel
D:8:      layout_loops_ring, lair_entry_dummy, kennysheep_generic_room_2
D:9:      layout_loops_ring, erik_orc_4, uniq_harold
D:10:     layout_irregular_city, mainiacjoe_overflow_cross_hatched, uniq_urug
D:11:     layout_small_grid, kennysheep_generic_room_5, uniq_nergalle,
          uniq_lodul, uniq_psyche, uniq_josephine
D:12:     layout_grid_maze, hangedman_devilish_allure
D:13:     layout_basic, serial_shops, nicolae_diamond_shop,
          kennysheep_generic_room_14, uniq_jorgrun
D:14:     layout_basic, david_vaults_4, serial_shops, nicolae_stop_n_shop_2,
          gauntlet_entry_generic, uniq_rupert, uniq_kirke, uniq_nessos
D:15:     grunt_enter_depths_magical_seal, layout_loops_cross
Temple:   hellmonk_temple_two_chambers
Lair:1:   layout_small_grid, lemuel_fruit_fields
Lair:2:   layout_cave_pods, skrybe_swamp_entry_bodies,
          hangedman_lair_generics_rect, infiniplex_staircase_pool_2,
          serial_bayou_shore_b
Lair:3:   layout_gridlike, hellmonk_spider_entry_life_and_decay, uniq_sonja
Lair:4:   wander_river, layout_cave_pods, slime_entry_1, portal_ice_cave_rime,
          nzn_sisyphean_effort
Lair:5:   minmay_lair_end_frog_pond, layout_layer_cave
Swamp:1:  layout_basic_swamp, nicolae_swamp_ascending_descending, swamp_pool3,
          infiniplex_staircase_pool
Swamp:2:  layout_basic_swamp, nicolae_swamp_some_circles
Swamp:3:  layout_falls_marsh, nicolae_swamp_trees_clearing
Swamp:4:  swamp_basic_johnstein, layout_basic_swamp, swamp_pool1,
          grunt_hermit_hut, uniq_roxanne, uniq_bai_suzhen
Spider:1: layout_spider_delve
Orc:1:    layout_caves, serial_shops, shop, shop, shop, shop_fountains, shop
Orc:2:    st_orc_pillars, layout_diamond_mine, amcnicky_altar_lugonu_corruption

Skill      XL: |  1  2  3  4  5  6  7  8  9 10 11 12 13 14 15 16 17 |
---------------+----------------------------------------------------+-----
Fighting       | 1 2 3 4 5 6 8 10 11 12 | 12.0
Ice Magic      | 5 6 7 8 9 11 12 15 18 21 22 | 22.0
Spellcasting   | 3 4 6 7 9 10 12 | 12.0
Dodging        | 4 7 |  7.2
Transmutations | 5 11 | 11.1
Shields        | 7 13 14 | 14.0
Conjurations   | 5 |  5.9
Stealth        | |  2.1

Action                   |  1- 3 |  4- 6 |  7- 9 | 10-12 | 13-15 | 16-18 || total
-------------------------+-------+-------+-------+-------+-------+-------++-------
Melee: Mace              |    59 |       |       |       |       |       ||    59
       Rapier            |    17 |    36 |       |       |       |       ||    53
       Punch             |     1 |     2 |     1 |     7 |     7 |       ||    18
       Dagger            |       |    17 |   113 |   259 |   335 |   102 ||   826
       Tailslap          |       |       |       |       |       |     9 ||     9
 Cast: Freeze            |    36 |    25 |     7 |    34 |    39 |       ||   141
       Frozen Ramparts   |       |     7 |    30 |    58 |    47 |    10 ||   152
       Ozocubu's Armour  |       |     4 |    20 |    38 |    36 |     6 ||   104
       Hailstorm         |       |       |       |    24 |     1 |     5 ||    30
       Ozocubu's Refrige |       |       |       |    52 |   342 |   263 ||   657
       Irradiate         |       |       |       |       |       |    32 ||    32
Evoke: Wand              |       |       |       |       |       |     1 ||     1
       Phantom mirror    |       |       |       |       |       |     1 ||     1
  Use: Scroll            |       |       |    16 |     5 |    14 |     7 ||    42
       Potion            |       |       |       |    13 |     5 |     8 ||    26
 Stab: Sleeping          |     5 |       |     1 |       |       |       ||     6
       Distracted        |       |       |       |       |     1 |       ||     1
Armor: Robe              |    31 |    16 |    74 |   150 |   230 |    83 ||   584
       Skin              |       |       |       |       |       |    58 ||    58
Dodge: Dodged            |    72 |    49 |   128 |   252 |   344 |   133 ||   978
Block: Kite shield       |       |       |       |       |    53 |   185 ||   238
       Reflection        |       |       |       |       |     2 |     4 ||     6
